Map: Cyber Forest LE

Players

pHARM

  • Race: Zerg Zerg
  • League: Platinum
  • Spawn Location: 11:00

foulsmell - Winner!

  • Race: Terran Terran
  • League: Platinum
  • Spawn Location: 5:00

VOD

Have the link to the VOD?

Description

Time

  • Played on: June 29, 2019, 5:50 p.m.
  • Length: 16:29
Show
View Real Time Build Order
Export as new Build Order

pHARM Zerg 

Build Orders: Hatch First 

Get SALT Encoding   

  12  0:01  Drone  
  13  0:08  Drone  
  14  0:16  Overlord  
  14  0:35  Drone x3  
  17  0:55  Hatchery  
  16  0:59  Drone  
  16  1:00  Drone  
  18  1:07  Drone  
  19  1:13  Extractor  
  18  1:21  Spawning Pool  
  18  1:23  Drone  
  18  1:33  Drone  
  19  1:58  Hatchery  
  18  2:08  Queen  
  18  2:11  Zergling x8  
  24  2:16  Metabolic Boost  
  24  2:21  Drone  
  25  2:24  Zergling x2  
  26  2:37  Drone  
  26  2:38  Drone  
  28  2:46  Overlord  
  28  2:55  Overlord  
  28  3:05  Drone x4  
  32  3:07  Queen  
  34  3:21  Drone x5  
  37  3:35  Drone x5  
  41  3:44  Drone x3  
  42  3:52  Lair  
  42  3:56  Extractor  
  42  3:57  Overlord  
  42  3:58  Overlord  
  41  4:03  Queen  
  43  4:11  Zergling x10  
  43  4:15  Extractor  
  43  4:16  Extractor  
  46  4:17  Drone  
  46  4:18  Drone x2  
  46  4:19  Drone  
  45  4:45  Queen x2  
  45  4:47  Zergling x14  
  45  4:48  Zergling x2  
  53  5:14  Drone  
  53  5:15  Drone x9  
  53  5:21  Queen  
  63  5:26  Overlord x3  
  59  5:52  Drone x6  
  59  5:53  Drone x2  
  62  6:17  Drone x4  
  66  6:29  Spire  
  65  6:33  Baneling Nest  
  64  6:44  Spore Crawler  
  64  6:45  Spore Crawler  
  62  6:48  Spore Crawler  
  62  6:49  Spore Crawler  
  62  6:52  Spore Crawler  
  62  6:53  Drone, Spore Crawler  
  62  6:54  Drone x9  
  68  7:21  Extractor  
  68  7:22  Extractor  
  66  7:35  Overlord x2  
  66  7:45  Drone  
  66  7:46  Drone x7  
  66  7:48  Overlord x2  
  74  7:52  Zerg Flyer Weapons Level 1  
  74  8:04  Mutalisk x8  
  90  8:07  Mutalisk x3  
  90  8:11  Baneling x7  
  90  8:12  Baneling x5  
  96  8:27  Mutalisk x2  
  100  8:39  Overlord x2  
  87  9:16  Zergling x18  
  87  9:17  Zergling x12  
  94  9:21  Mutalisk x4  
  88  9:39  Mutalisk x3  
  88  9:40  Zergling x4  
  88  9:41  Zergling x2  
  89  9:59  Baneling  
  83  10:00  Baneling x9  
  83  10:01  Zergling x12  
  89  10:09  Drone x2, Spore Crawler  
  89  10:10  Spine Crawler  
  89  10:35  Drone x3  
  90  10:36  Drone x4  
  90  10:48  Centrifical Hooks  
  90  10:49  Baneling  
  90  10:50  Baneling x17  
  90  10:52  Zergling x20  
  100  11:10  Zergling x6  
  100  11:11  Zergling x10  
  78  11:28  Zergling x20  
  86  11:36  Zergling x8  
  79  11:57  Zergling x2, Hatchery x2  
  79  11:58  Zergling x22  
  89  12:06  Drone  
  90  12:29  Zerg Flyer Weapons Level 2  
  90  12:35  Mutalisk x11  
  112  12:40  Baneling x6  
  112  12:42  Baneling  
  112  12:44  Baneling  
  112  13:02  Baneling x9  
  112  13:03  Baneling  
  98  13:13  Mutalisk  
  87  13:23  Zergling x38  
  96  13:51  Zergling x30  
  104  14:02  Zergling x12  
  93  14:12  Baneling x17  
  93  14:13  Baneling x6  
  84  14:38  Zergling x20  
  70  14:39  Zergling x2  
  59  15:07  Zergling x2  
  59  15:08  Zergling x28  
  74  15:28  Baneling x18  
  73  15:29  Baneling x2  
  73  15:30  Baneling  
  70  15:48  Hatchery  
  69  15:56  Drone x4  
Show
View Real Time Build Order
Export as new Build Order

foulsmell Terran - Winner!

Build Orders: Reaper Expand 

Get SALT Encoding   

  12  0:02  SCV  
  13  0:14  SCV  
  13  0:18  Supply Depot  
  14  0:26  SCV  
  15  0:39  SCV  
  15  0:40  Barracks  
  16  0:45  Refinery  
  16  0:51  SCV  
  17  1:03  SCV  
  18  1:17  SCV  
  19  1:30  Reaper, Orbital Command  
  20  1:41  Command Center  
  20  1:50  Supply Depot  
  20  1:55  SCV  
  21  2:07  Marine  
  22  2:11  SCV  
  22  2:12  Factory  
  22  2:14  Refinery  
  23  2:23  SCV  
  23  2:29  Barracks Reactor  
  24  2:35  SCV  
  24  2:47  SCV  
  25  2:53  Orbital Command  
  25  3:00  SCV  
  25  3:01  Starport  
  26  3:12  SCV  
  27  3:17  Hellion x2  
  29  3:28  SCV x2  
  29  3:30  Marine  
  25  3:42  Hellion x2  
  25  3:43  SCV x2  
  25  3:47  Medivac  
  34  3:55  SCV x2  
  34  3:59  Marine  
  36  4:07  SCV  
  36  4:09  SCV  
  38  4:10  Liberator, Supply Depot  
  38  4:13  Hellion  
  38  4:15  Hellion  
  42  4:19  SCV  
  44  4:25  Barracks Tech Lab  
  46  4:31  SCV  
  46  4:32  SCV  
  46  4:35  Supply Depot  
  48  4:43  SCV  
  48  4:44  SCV  
  46  4:55  SCV  
  46  4:56  SCV  
  48  5:04  Command Center  
  48  5:08  SCV x2  
  46  5:20  SCV x2  
  48  5:21  Supply Depot  
  48  5:25  Stimpack  
  48  5:34  Barracks  
  48  5:35  Barracks  
  48  5:41  SCV x2  
  44  5:53  SCV  
  44  5:55  SCV  
  44  5:57  Supply Depot  
  44  5:58  Marine  
  44  6:00  Medivac  
  44  6:01  Medivac  
  49  6:05  SCV  
  50  6:15  Barracks x2  
  48  6:18  Orbital Command  
  48  6:19  Supply Depot  
  48  6:20  Marine  
  48  6:23  Widow Mine  
  48  6:24  Barracks Reactor  
  48  6:25  Barracks Reactor  
  50  6:28  Engineering Bay x2  
  50  6:31  Viking  
  50  6:32  Medivac  
  54  6:33  SCV  
  54  6:34  SCV  
  56  6:45  SCV  
  57  6:47  Refinery x2  
  57  6:48  SCV x2, Supply Depot  
  57  6:52  Marine  
  60  6:58  SCV  
  61  7:05  Marine x4  
  61  7:06  Marine x2  
  66  7:08  Terran Infantry Armor Level 1, Terran Infantry Weapons Level 1  
  66  7:10  Marine  
  67  7:23  Orbital Command  
  67  7:27  Marine  
  67  7:28  Marine x3  
  72  7:35  Barracks Reactor, Barracks Tech Lab  
  72  7:37  Combat Shield  
  71  7:40  Armory  
  71  7:44  SCV x2  
  71  7:47  Marine x4  
  71  7:50  Marauder  
  71  7:51  Medivac x2  
  83  7:53  SCV  
  83  7:56  SCV x2  
  86  8:05  Factory Reactor  
  86  8:06  Marine x4  
  90  8:24  Marine x4  
  90  8:25  Marine  
  90  8:26  SCV x3, Marauder x2  
  102  8:34  Supply Depot  
  102  8:35  Marine, Supply Depot  
  102  8:36  Concussive Shells, Supply Depot  
  102  8:38  Terran Vehicle And Ship Armor Level 1  
  103  8:42  Marine  
  103  8:44  SCV x3  
  103  8:45  Marine x2  
  103  8:47  Barracks  
  103  8:48  Barracks x2  
  109  8:55  Marine x2  
  108  9:09  Marine x3  
  109  9:10  Marine x2  
  99  9:17  Terran Infantry Armor Level 2, Terran Infantry Weapons Level 2  
  99  9:18  Missile Turret  
  90  9:26  Supply Depot  
  90  9:30  Supply Depot  
  83  9:40  Widow Mine x2  
  81  9:48  SCV x2  
  81  9:50  Marine x2  
  81  9:51  Marine x6  
  81  9:52  Medivac x2  
  94  10:07  Missile Turret  
  94  10:08  Marine x3  
  97  10:14  SCV x3  
  97  10:16  Missile Turret, Marine x3  
  97  10:18  Marauder x2  
  107  10:21  Barracks  
  107  10:23  Missile Turret  
  107  10:26  SCV x2  
  107  10:27  SCV  
  110  10:30  Supply Depot  
  110  10:31  Supply Depot  
  110  10:32  Marine x3  
  110  10:34  Marine  
  114  10:38  SCV  
  114  10:39  SCV, Terran Vehicle Weapons Level 1  
  116  10:45  Marine x2  
  116  10:46  Marauder x2  
  122  10:53  Marine x2  
  122  10:54  Barracks  
  122  10:55  Factory  
  124  10:57  Marine x2  
  124  11:02  SCV  
  124  11:03  SCV x2  
  129  11:08  Marauder  
  131  11:14  Marine x3  
  126  11:25  Marine x3  
  94  11:27  Marine x2  
  94  11:30  Marine  
  94  11:31  Marine  
  95  11:35  Marine x3  
  95  11:38  SCV x3  
  101  11:43  Marine x2  
  103  11:48  Marine  
  103  11:51  Barracks Reactor  
  103  11:52  Barracks Reactor, Barracks Tech Lab  
  103  11:54  Terran Infantry Armor Level 3, Terran Infantry Weapons Level 3  
  104  12:00  Marine x3  
  107  12:13  Command Center  
  107  12:16  Marine  
  107  12:17  Marine x3  
  107  12:18  Marauder  
  107  12:21  Marauder, Supply Depot  
  115  12:28  Medivac x2  
  119  12:38  Command Center  
  119  12:40  Marine  
  119  12:41  Marine x7  
  119  12:42  Marine  
  119  12:44  Marine  
  128  12:45  Marauder x3  
  135  13:00  Terran Vehicle And Ship Armor Level 2  
  135  13:04  Supply Depot  
  135  13:06  Marine x3, Supply Depot  
  135  13:07  Marine x6  
  135  13:08  Marine x2  
  133  13:18  Marine x2  
  116  13:22  Missile Turret  
  116  13:24  Marine x4  
  113  13:28  Marine x4  
  113  13:29  Marine x2  
  113  13:32  Marauder  
  117  13:36  Orbital Command  
  117  13:39  Marine x2  
  118  13:42  Marine x4  
  118  13:46  Marine x2  
  115  14:01  Orbital Command  
  112  14:04  Refinery x2, Marine x7  
  112  14:09  Marine x3  
  122  14:11  Marauder x2  
  122  14:12  Marauder  
  128  14:25  Marine x3  
  128  14:26  Marine x3  
  128  14:31  Hi-Sec Auto Tracking, Neosteel Armor  
  134  14:33  Marine x4, Marauder x2  
  134  14:34  Marine  
  119  14:47  Marine x2  
  119  14:48  Marine x4  
  119  14:51  Marine  
  119  15:06  Marine x6  
  119  15:07  Marine  
  125  15:10  Marine x2  
  125  15:11  Marine  
  125  15:12  Marauder  
  125  15:13  Marauder x2  
  135  15:16  Medivac x2  
  139  15:30  Orbital Command  
  139  15:45  Marine x6  
  139  15:46  Marine x4  
  139  15:47  Marauder  
  139  15:48  Marauder x2  
  155  15:53  Missile Turret  
  156  16:23  Starport  
  156  16:25  Starport  
Tags
 
Add a new tag
Caveats
  • Supply blocks, unpowered buildings, or Contaminate may cause inaccurate times.
  • Supply counts are checked every 10 seconds.